 Dungeon Crawl Stone Soup version 0.22-a0-348-gd16d139 (webtiles) character file.

91 BaronVonScrub the Covert (level 4, 0/22 HPs)
             Began as a Spriggan Assassin on Apr 10, 2018.
             Succumbed to a worker ant's poison
             ... on level 4 of the Dungeon.
             The game lasted 00:04:03 (1852 turns).

BaronVonScrub the Covert (Spriggan Assassin)        Turns: 1852, Time: 00:04:03

Health: 0/22       AC:  3    Str:  5 (7)  XL:     4   Next: 34%
Magic:  5/5        EV: 17    Int: 11 (12) God:
Gold:   93         SH:  0    Dex: 16 (18) Spells: 3/3 levels left

rFire    + . .     SeeInvis +   a - +2 dagger
rCold    + . .     Gourm    .   (shield restricted)
rNeg     . . .     Faith    .   c - +0 robe
rPois    +         Spirit   .   (helmet restricted)
rElec    +         Reflect  .   d - +0 cloak
rCorr    +         Harm     .   (gloves unavailable)
MR       .....                  (boots unavailable)
Stlth    ++++......             (no amulet)
HPRegen  0.07/turn              (no ring)
MPRegen  0.09/turn              (no ring)

@: lethally poisoned (0 -> -13), resistant, very quick
A: very small, unfitting armour, see invisible, herbivore, speed 3, slow
metabolism 2
a: no special abilities


You were on level 4 of the Dungeon.
You were not hungry.

You visited 1 branch of the dungeon, and saw 3 of its levels.

You collected 93 gold pieces.

Inventory:

Hand Weapons
 a - a +2 dagger (weapon)
 b - a +0 blowgun
Missiles
 e - 8 poisoned needles
 f - 2 curare-tipped needles
Armour
 c - a +0 robe (worn)
 d - a +0 cloak (worn)
Scrolls
 h - a scroll of magic mapping {unknown}
 i - 2 scrolls of enchant armour {unknown}
 j - a scroll of identify {unknown}
 n - 2 scrolls of blinking {unknown}
Potions
 k - a potion of resistance
 m - a potion of curing {unknown}
 o - a potion of berserk rage {unknown}
 p - a potion of magic {unknown}
 q - a potion of might {unknown}
Comestibles
 g - 2 rations


   Skills:
 - Level 1.5 Fighting
 + Level 2.5 Short Blades
 - Level 2.0 Throwing
 - Level 1.5 Dodging
 * Level 8.7 Stealth


You had 3 spell levels left.
You didn't know any spells.

Dungeon Overview and Level Annotations

Branches:
Dungeon (2/15)

Altars:
Gozag
Makhleb
Zin

Annotations:
D:4 Ijyb


Innate Abilities, Weirdness & Mutations

You are very small and have problems with some larger weapons.
You are too small for most types of armour.
You have supernaturally acute eyesight. (SInv)
You are a herbivore.
You cover ground extremely quickly.
You need to consume almost no food.


Message History

You are lethally poisoned!
The worker ant poisons you!
You hit the worker ant but do no damage.
The worker ant is moderately wounded.
You feel sick. The worker ant bites you. x2
* * * LOW HITPOINT WARNING * * *
* * * LOW HITPOINT WARNING * * *
You feel sick.
* * * LOW HITPOINT WARNING * * *
You feel sick.
* * * LOW HITPOINT WARNING * * *
You feel sick.
It was a potion of resistance.
You feel protected.
* * * LOW HITPOINT WARNING * * *
You feel sick. The worker ant barely misses you.
It was a potion of degeneration.
There was something very wrong with that liquid.
You feel weakened.
You feel dopey.
You feel clumsy.
You die...

#..........# #..
#...######.####..
#...# #.......
######...# #####.##
#.....#.####### #...#
#.....#.......###.###
#.....#..####.....####
#.....#..######.......
#....@a...).##########
#.....#..##....#### #
#####.#..########A#
#.#....>..######
#.#g##.#####._.###
#.#.##.#...#...#..
#.#.##.#...+...+..
#...##.#...#......
#[##.#.##.._..##


You could see a worker ant.

Vanquished Creatures
  A worker ant (D:4)
  3 adders
  A gnoll (D:1)
  An adder skeleton (D:4)
  A worm (D:2)
  A dart slug (D:1)
  A leopard gecko (D:4)
  An orc (D:4)
  2 giant cockroaches
  3 goblins
  A hobgoblin (D:1)
  4 kobolds
  A quokka (D:2)
  A bat (D:2)
  3 frilled lizards (D:1)
  A leopard gecko skeleton (D:4)
  2 rats (D:1)
28 creatures vanquished.

Notes
Turn   | Place    | Note
-------+----------+-------------------------------------------
     0 | D:1      | BaronVonScrub the Spriggan Assassin began the quest for the Orb.
     0 | D:1      | Reached XP level 1. HP: 10/10 MP: 2/2
    58 | D:1      | Reached skill level 6 in Stealth
   116 | D:1      | Reached XP level 2. HP: 14/14 MP: 3/3
   255 | D:1      | Reached skill level 7 in Stealth
   616 | D:1      | You fall through a shaft!
   684 | D:2      | Reached XP level 3. HP: 18/18 MP: 4/4
  1013 | D:2      | Found an opulent altar of Gozag.
  1205 | D:2      | Reached skill level 8 in Stealth
  1250 | D:2      | You fall through a shaft for 2 floors!
  1726 | D:4      | Reached XP level 4. HP: 22/22 MP: 5/5
  1820 | D:4      | Found a burning altar of Makhleb.
  1823 | D:4      | Found a glowing silver altar of Zin.
  1823 | D:4      | Noticed an angel
  1823 | D:4      | Noticed an Executioner
  1838 | D:4      | Noticed Ijyb
  1851 | D:4      | HP: 1/22 [poisoned by a worker ant]
  1852 | D:4      | Succumbed to a worker ant's poison

Vault maps used:
D:1:      sevenhm_arrival_forest_fort_small_4
D:2:      grunt_gozag_breadcrumbs
D:4:      grunt_temple_overflow_order_and_chaos_2,
          lemuel_zombie_altar_kikubaaqudgha, overflow_temple_1_default,
          grunt_temple_overflow_cloverleaf, portal_sewer_entry_e, uniq_ijyb

Skill      XL: |  1  2  3 |
---------------+----------+-----
Stealth        | 6 7 8 |  8.7
Fighting       | |  1.5
Short Blades   | |  2.5
Throwing       | |  2.0
Dodging        | |  1.5

Action                   |  1- 3 |  4- 6 || total
-------------------------+-------+-------++-------
Melee: Dagger            |    75 |    11 ||    86
  Use: Potion            |       |     2 ||     2
 Stab: Sleeping          |    12 |     2 ||    14
Armor: Robe              |     6 |     1 ||     7
Dodge: Dodged            |    39 |     7 ||    46

Table legend:
 A = Spawn XP
 B = Non-spawn XP
 C = Spawn XP percentage of total XP
 D = Spawn monster count
 E = Non-spawn monster count
 F = Spawn count percentage of total count
 G = Total turns spent on level
                    A         B        C        D         E        F      G
               +---------+---------+-------+---------+---------+-------+---------
         Total |       0 |     131 |   0.0 |       0 |      28 |   0.0 |  1852
               +---------+---------+-------+---------+---------+-------+---------
           D:1 |       0 |      35 |   0.0 |       0 |      14 |   0.0 |   616
           D:2 |       0 |      39 |   0.0 |       0 |       8 |   0.0 |   634
           D:4 |       0 |      57 |   0.0 |       0 |       6 |   0.0 |   602
               +---------+---------+-------+---------+---------+-------+---------
